 Dungeon Crawl Stone Soup version 0.29.1-2-gbd0b4ee654 (webtiles) character file.

Game seed: 1490647843182538727

464 kyanize the Cudgeller (level 6, -14/53 (55) HPs)
             Began as a Draconian Berserker on Nov 13, 2022.
             Was a Believer of Trog.
             Demolished by a wight
             ... wielding a +1 great sword
              (17 damage)
             ... on level 5 of the Dungeon.
             The game lasted 00:11:40 (3888 turns).

kyanize the Cudgeller (Draconian Berserker)         Turns: 3888, Time: 00:11:40

HP:   -14/53 (55)   AC:  6    Str: 21    XL:     6   Next: 80%
MP:   6/6           EV: 13    Int:  6    God:    Trog [**....]
Gold: 192           SH:  0    Dex: 14    Spells: 5/5 levels left

rFire   . . .      SeeInvis .   k - +3 falchion
rCold   . . .      Faith    .   (no shield)
rNeg    . . .      Spirit   .   (body armour unavailable)
rPois   .          Reflect  .   (helmet restricted)
rElec   .          Harm     .   (no cloak)
rCorr   .          Rampage  .   (no gloves)
Will    ++...                   (no boots)
Stlth   ++........              (no amulet)
HPRegen 1.17/turn               (no ring)
MPRegen 0.10/turn               (no ring)

@: about to teleport, strong-willed, regenerating, slowed, lightly drained, very
slow
A: AC +6, unfitting armour, cold-blooded, agile 1, wild magic 1
a: Renounce Religion, Berserk, Trog's Hand


You were on level 5 of the Dungeon.
You worshipped Trog.
Trog was pleased with you.
You visited 1 branch of the dungeon, and saw 5 of its levels.

You collected 192 gold pieces.

Inventory:

Hand Weapons
 h - a +2 short sword of draining
 i - a +0 scythe
 k - a +3 falchion (weapon)
Missiles
 c - 19 stones (quivered)
Wands
 f - a wand of mindburst (22)
 j - a wand of flame (25)
Scrolls
 g - 2 scrolls of identify
Potions
 d - a potion of cancellation
 e - a potion of degeneration


   Skills:
 + Level 4.8 Fighting
 + Level 2.2 Short Blades
 + Level 5.1 Maces & Flails
 + Level 4.2 Dodging
 + Level 1.5 Stealth


You had 5 spell levels left.
You didn't know any spells.
Your spell library contained the following spells:

 Spells                   Type           Power      Damage    Failure   Level
 Apportation              Tloc           0%         N/A       54%         1
 Necrotise                Necr           0%         1d4       54%         1
 Summon Small Mammal      Summ           0%         N/A       54%         1
 Leda's Liquefaction      Hex/Erth       0%         N/A       99%         4
 Lee's Rapid Deconstruct  Erth           0%         3d5*      100%        5
 Statue Form              Tmut/Erth      0%         N/A       100%        6


Dungeon Overview and Level Annotations

Branches:
Dungeon (5/15)             Temple (0/1) D:4

Altars:
Makhleb


Innate Abilities, Weirdness & Mutations

Your plain brown scales are hard. (AC +6)
You cannot fit into any form of body armour.
You are cold-blooded and may be slowed by cold attacks.
You are agile. (Dex +4, Str/Int -1)
Your spells are a little harder to cast, but a little more powerful.


Message History

Found a stone staircase leading down.
A hound and a wight come into view.
Found 8 gold pieces.
Your skin crawls.
You feel strong-willed. The wight misses you.
The wight hits you but does no damage.
The hound barks!
The wight barely misses you.
You hit the ice beast.
You tail-slap the ice beast, but do no damage.
The ice beast is lightly wounded.
The ice beast hits you. The ice beast freezes you!
The wight closely misses you. x3
The ice beast hits you but does no damage.
You hit the hound but do no damage. The hound completely misses you.
The hound bites you but does no damage. The wight barely misses you.
The wight misses you. The ice beast misses you.
You closely miss the hound. The hound bites you. The wight closely misses you.
The ice beast hits you. The ice beast freezes you!
The wight hits you from afar with a +0 halberd!
The hound bites you.
You barely miss the hound. The hound bites you.
The wight hits you with a +1 great sword!
* * * LOW HITPOINT WARNING * * *
The ice beast hits you but does no damage.
The wight misses you. The hound barely misses you.
You feel much better.
The wight hits you with a +1 great sword.
The ice beast hits you. The ice beast freezes you.
You feel yourself slow down.
The wight hits you from afar with a +0 halberd!
* * * LOW HITPOINT WARNING * * *
You feel drained.
* * * LOW HITPOINT WARNING * * *
The hound barely misses you.
As you read the scroll of teleportation, it crumbles to dust.
You feel strangely unstable. The hound bites you.
* * * LOW HITPOINT WARNING * * *
The wight hits you with a +1 great sword!
You die...

##.###....
......... #†>...#
###.# .####...# #
......#[# .#
.......<###.#
#######.....####$
#..@z......
###hYz..###
..#......
#.###).### #. #.#
#. ... .. >.# ..
##


You could see an ice beast, a hound and 2 wights.

Vanquished Creatures
  Sigmund (D:3)
  A wight (D:5)
  3 iguanas
  An orc wizard (D:4)
  8 adders
  A worm (D:2)
  A dart slug (D:3)
  8 orcs (D:4)
  A bat (D:3)
  6 endoplasms
  2 giant cockroaches
  4 hobgoblins
  4 jackals (D:4)
  5 quokkas
  4 ball pythons
  6 frilled lizards
  9 goblins
  8 kobolds
  6 rats
79 creatures vanquished.

Vanquished Creatures (others)
  2 plants (D:5)
2 creatures vanquished.

Grand Total: 81 creatures vanquished

Notes
Turn   | Place    | Note
-------+----------+-------------------------------------------
     0 | D:1      | kyanize the Draconian Berserker began the quest for the
                  | Orb.
     0 | D:1      | Reached XP level 1. HP: 19/19 MP: 1/1
   532 | D:1      | Reached XP level 2. HP: 24/26 MP: 2/2
   684 | D:1      | You fall into a shaft and drop 1 floor!
   910 | D:2      | Gained mutation: You are agile. (Dex +4, Str/Int -1)
                  | [potion of mutation]
   910 | D:2      | Gained mutation: Your spells are a little harder to cast,
                  | but a little more powerful. [potion of mutation]
  1103 | D:2      | Reached XP level 3. HP: 33/33 MP: 3/3
  2144 | D:3      | Reached skill level 4 in Maces & Flails
  2144 | D:3      | Reached XP level 4. HP: 40/40 MP: 4/4
  2274 | D:3      | Noticed Sigmund
  2283 | D:3      | Killed Sigmund
  2284 | D:3      | Reached XP level 5. HP: 47/47 MP: 5/5
  2292 | D:3      | Reached skill level 5 in Maces & Flails
  2617 | D:3      | Reached ** piety under Trog
  2724 | D:3      | Reached XP level 6. HP: 53/53 MP: 6/6
  2746 | D:3      | Reached skill level 1 in Stealth
  3015 | D:4      | Found a staircase to the Ecumenical Temple.
  3122 | D:4      | Reached skill level 1 in Short Blades
  3675 | D:4      | Found a burning altar of Makhleb.
  3856 | D:5      | Entered Level 5 of the Dungeon
  3856 | D:5      | Noticed an ice beast
  3887 | D:5      | HP: 2/53 [wight/+0 halberd (4)]
  3888 | D:5      | Demolished by a wight

Illustrated notes

Levels and vault maps discovered:
D:1:      dpeg_arrival_windows_large_door, layout_basic
D:2:      layout_loops_corners, minmay_misc_feat_x
D:3:      layout_loops_ring, minmay_box_of_dots, uniq_sigmund
D:4:      layout_cave_pools, lightli_temple_of_fire,
          minmay_temple_entry_mini_moons
D:5:      layout_rooms, fedhas_altar_decomposition, cheibrodos_sewer_entry_bend,
          uniq_blork_the_orc

Skill      XL: |  1  2  3  4  5  6 |
---------------+-------------------+-----
Dodging        | 3 4 |  4.2
Maces & Flails | 4 5 |  5.1
Fighting       | 4 |  4.8
Stealth        | 1 |  1.5
Short Blades   | 2 |  2.2

Action                   |  1- 3 |  4- 6 || total
-------------------------+-------+-------++-------
Melee: Mace              |   123 |       ||   123
       Tailslap          |     8 |    17 ||    25
       Punch             |     2 |     2 ||     4
       Short sword       |    15 |   133 ||   148
       Falchion          |       |     4 ||     4
Invok: Berserk           |     2 |     1 ||     3
       Trog's Hand       |       |     5 ||     5
  Use: Scroll            |     8 |     1 ||     9
       Potion            |     5 |     8 ||    13
 Stab: Sleeping          |       |     5 ||     5
Armor: Skin              |    63 |    63 ||   126
Dodge: Dodged            |    82 |   119 ||   201
